 Dungeon Crawl Stone Soup version 0.31-a0-95-g6fa058ef04 (webtiles) character file.

Game seed: 710753919285987896

40 bande the Covered (level 3, 0/23 HPs)
             Began as a Gargoyle Fighter on May 26, 2023.
             Killed by nerve-wracking pain
             ... invoked by Grinder
              (3 damage)
             ... while paralysed by Grinder
             ... on level 3 of the Dungeon.
             The game lasted 00:02:24 (1592 turns).

bande the Covered (Gargoyle Fighter)                Turns: 1592, Time: 00:02:25

Health: 0/23       AC: 11    Str: 19    XL:     3   Next: 50%
Magic:  3/3        EV:  2    Int:  8    God:
Gold:   77         SH:  0    Dex: 11    Spells: 2/2 levels left

rFire   + . .        a - +0 war axe
rCold   . . .        c - +0 buckler
rNeg    + . .        b - +0 scale mail
rPois   ∞            (no helmet)
rElec   +            (no cloak)
rCorr   .            (no gloves)
SInv    .            k - +0 pair of boots
Will    .....        (no amulet) Stlth
                     f - ring of protection from fire
HPRegen 0.23/turn    (no ring)
MPRegen 0.08/turn

%: no passive effects
@: paralysed
A: sickness immunity, AC +3, negative energy resistance 1, electricity
resistance, torment resistance 1, petrification resistance
a: no special abilities


You were on level 3 of the Dungeon.
You visited 1 branch of the dungeon, and saw 3 of its levels.

You collected 77 gold pieces.

Inventory:

Hand Weapons
 a - a +0 war axe (weapon)
Missiles
 e - 5 boomerangs of dispersal (quivered)
Armour
 b - a +0 scale mail (worn)
 c - a +0 buckler (worn)
 k - a +0 pair of boots (worn)
Jewellery
 f - a ring of protection from fire (left hand)
 h - a ring of ice
Potions
 d - 2 potions of might
 g - a potion of heal wounds {unknown}
 j - a potion of mutation {unknown}


   Skills:
 + Level 3.6 Fighting
 + Level 2.2 Axes
 + Level 3.8 Armour
 - Level 0.5 Dodging
 + Level 3.5 Shields


You had 2 spell levels left.
You didn't know any spells.
Your spell library was empty.

Dungeon Overview and Level Annotations

Branches:
Dungeon (3/15)

Altars:

Annotations:
D:3 Grinder


Innate Abilities, Weirdness & Mutations

You are immune to sickness and miasma.
Your stone body is resilient. (AC +3)
You are immune to poison.
You resist negative energy. (rN+)
You are resistant to electric shocks. (rElec)
You are resistant to unholy torment.
You are immune to petrification.


Message History

You hit the rat. You closely miss Grinder.
The giant cockroach barely misses you. Grinder misses you. The rat bites you.
The giant cockroach closely misses you.
You are too injured to fight recklessly!
You are too injured to fight recklessly!
You are too injured to fight recklessly!
You are too injured to fight recklessly!
You are too injured to fight recklessly!
You are too injured to fight recklessly!
You are too injured to fight recklessly!
You slash Grinder!
Grinder is heavily wounded.
You hit the giant cockroach.
You kill the giant cockroach!
You slash the rat!
You kill the rat!
Grinder closely misses you. Grinder barely misses you.
You closely miss Grinder.
Grinder is heavily wounded.
Grinder gestures at you. Pain shoots through your body!
Unknown command.
You barely miss Grinder.
Grinder is heavily wounded.
Grinder hits you but does no damage.
Grinder says, "Just stop there for a second..."
Grinder gestures at you. Pain shoots through your body!
Unknown command.
You slash Grinder!
Grinder is severely wounded.
Grinder gestures at you.
You suddenly lose the ability to move!
Grinder hits you.
* * * LOW HITPOINT WARNING * * *
You writhe in agony.
* * * LOW HITPOINT WARNING * * *
Grinder gestures at you. Pain shoots through your body!
You die...

## ## .. ###.#.# ####
#.....#
...#############.....#
.#...........:..@5#
..†##...........#...#
..†....#####........#
...###.# #.##.#$..#
##.# #.# #.#....###
##.# #.# #.#..#.. ##.#
#.# #.#..##.# ##.# #.#
#....# .# ##.# #..


You could see Grinder.

Vanquished Creatures
  An adder (D:2)
  A worm (D:2)
  4 ball pythons
  2 endoplasms (D:2)
  3 giant cockroaches
  4 hobgoblins
  A quokka (D:2)
  A bat (D:1)
  5 frilled lizards
  A kobold (D:2)
  6 rats
29 creatures vanquished.

Notes
Turn   | Place    | Note
-------+----------+-------------------------------------------
     0 | D:1      | bande the Gargoyle Fighter began the quest for the Orb.
     0 | D:1      | Reached XP level 1. HP: 14/14 MP: 1/1
   312 | D:1      | Reached XP level 2. HP: 19/19 MP: 2/2
  1146 | D:2      | Reached XP level 3. HP: 20/23 MP: 3/3
  1579 | D:3      | Noticed Grinder
  1590 | D:3      | Paralysed by Grinder for 5 turns
  1592 | D:3      | Killed from afar by Grinder

Illustrated notes

Levels and vault maps discovered:
D:1:      lemuel_arrival_river_ford, layout_loops_ring
D:2:      layout_basic
D:3:      kennysheep_big_flooded_room, layout_loops_ring,
          ebering_ghost_rock_garden, uniq_jessica, uniq_crazy_yiuf_cottage,
          uniq_grinder

Skill      XL: |  1  2 |
---------------+-------+-----
Axes           | 2 |  2.2
Fighting       | |  3.6
Armour         | |  3.8
Dodging        | |  0.5
Shields        | |  3.5

Action                     || total
---------------------------++-------
  Melee: War axe           ||    72
    Use: Scroll            ||     2
 Armour: Scale mail        ||    36
  Dodge: Dodged            ||    39
  Block: Buckler           ||    10

Table legend: (Time is in decaauts)
 A = Elapsed time spent in this place.
 B = Non-inter-level travel time spent in this place.
 C = Inter-level travel time spent in this place.
 D = Time resting spent in this place.
 E = Time spent auto-exploring this place.
 F = Levels seen in this place.
 G = Mean time per level.
                   A        B        C        D        E       F      G
               +--------+--------+--------+--------+--------+-----+--------+
         Total |   1633 |   1304 |    329 |      0 |   1080 |   3 |  544.3 |
       Dungeon |   1633 |   1304 |    329 |      0 |   1080 |   3 |  544.3 |
               +--------+--------+--------+--------+--------+-----+--------+

Top non-repeatable levels by time:
     D:1: 949 daAuts
     D:2: 633 daAuts
     D:3: 51 daAuts
